 Dungeon Crawl Stone Soup version 0.19.1 (webtiles) character file.

3998 Kikal the Grappler (level 10, -9/88 HPs)
             Began as a Ghoul Monk on Dec 2, 2016.
             Was an Elder of Okawaru.
             Mangled by an orc warrior
             ... wielding a +0 glaive
              (18 damage)
             ... on level 7 of the Dungeon.
             The game lasted 00:30:45 (6333 turns).

Kikal the Grappler (Ghoul Monk)                     Turns: 6333, Time: 00:30:45

Health: -9/88      AC: 11    Str: 18    XL:     10   Next: 23%
Magic:  12/12      EV: 12    Int:  6    God:    Okawaru [****..]
Gold:   363        SH:  0    Dex: 11    Spells: 0 memorised, 9 levels left

rFire  . . .     SeeInvis +       - Unarmed
rCold  + . .     Gourm    .     d - +0 ring mail
rNeg   + + +     Faith    .     (no shield)
rPois  ∞         Spirit   .     (no helmet)
rElec  .         Reflect  .     a - +0 cloak
rCorr  .         Harm     .     (no gloves)
MR     .....                    E - +0 pair of boots
Stlth  +.........               (no amulet)
                                s - ring of see invisible
                                p - +3 ring of protection

@: about to teleport, rotting
A: rotting body, claws 1, carnivore 3, cold resistance 1, negative energy
resistance 3, slow regeneration 1, torment resistance, unbreathing
a: Heroism, Renounce Religion


You were on level 7 of the Dungeon.
You worshipped Okawaru.
Okawaru was greatly pleased with you.
You were not hungry.

You visited 2 branches of the dungeon, and saw 8 of its levels.

You collected 363 gold pieces.

Inventory:

Hand Weapons
 g - a +0 blowgun
Missiles
 c - 282 stones (quivered)
 f - 4 curare-tipped needles
 t - 5 tomahawks
 u - 6 needles of sleeping
 B - 14 poisoned needles
Armour
 a - a +0 cloak (worn)
 d - a +0 ring mail (worn)
 w - a +2 shield
 E - a +0 pair of boots (worn)
Jewellery
 p - a +3 ring of protection (left claw)
 s - a ring of see invisible (right claw)
Wands
 x - a wand of digging (17/24)
 C - a wand of flame (19/48)
 H - a wand of lightning (8/15)
Scrolls
 e - 3 scrolls of enchant weapon {unknown}
 i - 4 scrolls of teleportation
 k - 2 scrolls of identify
 l - 5 scrolls of remove curse
 n - 2 scrolls of random uselessness {unknown}
 o - 3 scrolls of magic mapping {unknown}
 q - a scroll of immolation {unknown}
 A - a scroll of noise {unknown}
 G - a scroll of recharging {unknown}
Potions
 h - 3 potions of curing
 j - a potion of cure mutation
 m - 4 potions of flight
 r - 3 potions of might
 D - a potion of haste
 F - a potion of berserk rage
Comestibles
 b - 6 meat rations
 v - 4 beef jerkies
 z - 10 chunks of flesh
 I - 8 slices of pizza


   Skills:
 + Level 7.9 Fighting
 - Level 6.0 Armour
 - Level 4.1 Dodging
 - Level 2.1 Stealth
 + Level 10.5 Unarmed Combat
 - Level 5.1 Invocations


You had 9 spell levels left.
You didn't know any spells.

Dungeon Overview and Level Annotations

Branches:
Dungeon (7/15)             Temple (1/1) D:5

Altars:
Ashenzari
Cheibriados
Dithmenos
Elyvilon
Fedhas
Gozag
Hepliaklqana
Kikubaaqudgha
Makhleb
Nemelex Xobeh
Okawaru
Qazlal
Ru
Sif Muna
Uskayaw
Vehumet
Xom
Yredelemnul
Zin
The Shining One


Innate Abilities, Weirdness & Mutations

Your body is rotting away.
You thrive on raw meat.
You are immune to poison.
You have sharp fingernails.
You are carnivorous and can eat meat at any time.
Your flesh is cold resistant. (rC+)
You are immune to negative energy. (rN+++)
You regenerate slowly when monsters are visible.
You are immune to unholy pain and torment.
You can survive without breathing.


Message History

The orc warrior hits you from afar with a glaive!
* * * LOW HITPOINT WARNING * * *
You take 9 damage, and have 13/88 hp.
Eat one of 11 chunks of flesh? (ye/n/q)
You start eating one of the 11 chunks of flesh.
The orc warrior completely misses you.
This raw flesh tastes great!
You regained 12 hp, and now have 25/88 hp.
As you read the scroll of teleportation, it crumbles to dust.
You feel strangely unstable.
The orc warrior barely misses you. 2 orcs come into view.
The orc priest mumbles some strange prayers to Beogh against you.
Beogh smites you!
* * * LOW HITPOINT WARNING * * *
You take 16 damage, and have 9/88 hp.
Eat one of 10 chunks of flesh? (ye/n/q)
You start eating one of the 10 chunks of flesh.
The orc shouts!
The orc warrior hits you from afar with a glaive!!
You die...

#......########..######..#
..=...##........)..........##
....#####...........########
..### #..........## .
#...........## ##
#..###........# ######. #.#
###......#####...... #..
#................. ...#
##@................ ...
#...###............ #.o##
##.)######### ##.# ####
######## #o# ...o.o.# #.#
####...## ##.# #### #####
###..#######oo# ##..#####...#
#..o.......## ##........##..


You could see an orc warrior, an orc priest and 2 orcs.

Vanquished Creatures
  The ghost of theElss the Blocker, a novice GrBe of Trog (D:7)
  Pikel (D:5)
  Grinder (D:6)
  A hippogriff (D:7)
  Sigmund (D:6)
  4 hogs (D:7)
  A human (D:7)
  Menkaure (D:6)
  Edmund (D:6)
  A water moccasin (D:6)
  An orc warrior (D:6)
  2 centaurs
  A scorpion (D:5)
  8 wights (D:6)
  A crimson imp (D:5)
  2 howler monkeys (D:7)
  Crazy Yiuf (D:2)
  5 hounds
  2 orc priests
  A bullfrog skeleton (D:4)
  8 orc wizards
  3 worker ants
  10 adders
  A shadow imp (D:5)
  3 oozes
  2 worms
  A dart slug (D:5)
  6 leopard geckos
  23 orcs
  6 bats
  12 giant cockroaches
  11 goblins
  4 hobgoblins
  9 jackals
  A quokka (D:6)
  4 ball pythons
  6 frilled lizards
  A jackal skeleton (D:4)
  6 kobolds
  11 rats
165 creatures vanquished.

Vanquished Creatures (others)
  2 slaves (D:5)
  A centaur (D:5)
  A hound (D:5)
4 creatures vanquished.

Grand Total: 169 creatures vanquished

Notes
Turn   | Place    | Note
-------+----------+-------------------------------------------
     0 | D:1      | Kikal the Ghoul Monk began the quest for the Orb.
     0 | D:1      | Reached XP level 1. HP: 19/19 MP: 0/0
   152 | D:1      | Reached XP level 2. HP: 20/26 MP: 1/1
   211 | D:1      | Reached skill level 4 in Unarmed Combat
   330 | D:1      | Found an iron altar of Okawaru.
   382 | D:1      | Became a worshipper of Warmaster Okawaru
   382 | D:1      | Reached * piety under Okawaru
   382 | D:1      | Reached ** piety under Okawaru
   408 | D:1      | Reached XP level 3. HP: 31/31 MP: 2/2
   833 | D:2      | Found a white marble altar of Elyvilon.
  1035 | D:2      | Reached skill level 5 in Unarmed Combat
  1077 | D:2      | Found a radiant altar of Vehumet.
  1077 | D:2      | Found a shimmering altar of Xom.
  1080 | D:2      | Reached skill level 1 in Armour
  1080 | D:2      | Reached XP level 4. HP: 37/38 MP: 3/3
  1206 | D:2      | Found a runed door.
  1623 | D:3      | Noticed Grinder
  1834 | D:3      | Reached XP level 5. HP: 34/46 MP: 4/4
  2267 | D:3      | Found a faded altar of an unknown god.
  2816 | D:4      | Reached skill level 6 in Unarmed Combat
  2849 | D:4      | Reached XP level 6. HP: 52/52 MP: 5/5
  2862 | D:4      | Found a shadowy altar of Dithmenos.
  3114 | D:4      | Reached skill level 7 in Unarmed Combat
  3439 | D:4      | Reached XP level 7. HP: 60/60 MP: 6/6
  3716 | D:2      | Noticed Crazy Yiuf
  3726 | D:2      | Killed Crazy Yiuf
  3811 | D:5      | Entered Level 5 of the Dungeon
  3837 | D:5      | Reached skill level 5 in Fighting
  3916 | D:5      | Found a staircase to the Ecumenical Temple.
  3926 | Temple   | Entered the Ecumenical Temple
  4086 | D:5      | Reached skill level 8 in Unarmed Combat
  4141 | D:5      | Noticed Pikel
  4173 | D:5      | Killed Pikel
  4173 | D:5      | Reached *** piety under Okawaru
  4173 | D:5      | Reached skill level 9 in Unarmed Combat
  4173 | D:5      | Reached XP level 8. HP: 57/71 MP: 7/7
  4652 | D:6      | Noticed Menkaure
  4658 | D:6      | Killed Menkaure
  4665 | D:6      | Noticed Sigmund
  4690 | D:6      | Killed Sigmund
  4787 | D:6      | Reached skill level 1 in Invocations
  4800 | D:6      | Reached XP level 9. HP: 58/79 MP: 7/9
  4891 | D:6      | Paralysed by Grinder for 6 turns
  4906 | D:6      | Killed Grinder
  4919 | D:6      | Reached skill level 5 in Armour
  5175 | D:6      | Noticed Edmund
  5187 | D:6      | Killed Edmund
  5187 | D:6      | Reached **** piety under Okawaru
  5721 | D:7      | Received a gift from Okawaru
  5721 | D:7      | Reached skill level 10 in Unarmed Combat
  5721 | D:7      | Reached skill level 5 in Invocations
  5922 | D:7      | Noticed theElss's ghost (novice GrBe)
  5974 | D:7      | Killed theElss's ghost
  6049 | D:7      | Reached XP level 10. HP: 81/86 MP: 12/12
  6333 | D:7      | Mangled by an orc warrior

Skill      XL: |  1  2  3  4  5  6  7  8  9 |
---------------+----------------------------+-----
Unarmed Combat | 4 5 6 7 9 10 | 10.5
Armour         | 1 4 6 |  6.0
Fighting       | 4 6 7 |  7.9
Invocations    | 2 5 |  5.1
Dodging        | 4 |  4.1
Stealth        | |  2.1

Action                   |  1- 3 |  4- 6 |  7- 9 | 10-12 || total
-------------------------+-------+-------+-------+-------++-------
Melee: Unarmed           |    98 |   214 |   261 |    52 ||   625
       Punch             |     2 |     5 |    15 |     4 ||    26
Throw: Stone             |     2 |       |     3 |       ||     5
Invok: Heroism           |       |       |     2 |       ||     2
Evoke: Wand              |       |       |     2 |       ||     2
  Use: Scroll            |       |       |     9 |     1 ||    10
 Stab: Sleeping          |       |       |     1 |       ||     1
  Eat: Chunk             |     8 |    25 |    32 |     8 ||    73
Armor: Ring mail         |    30 |    73 |    70 |    23 ||   196
Dodge: Dodged            |    53 |    99 |   105 |    23 ||   280
